 Dungeon Crawl Stone Soup version 0.31-a0-1159-g800acc2fd1 (webtiles) character file.

Game seed: 6574286545275973724

1365 Malachi the Magician (level 8, 0/64 HPs)
             Began as a Mummy Cinder Acolyte on Dec 8, 2023.
             Was an Initiate of Ignis.
             Slain by a gnoll
             ... wielding a +0 spear
             ... led by a gnoll bouda
              (2 damage)
             ... on level 5 of the Dungeon.
             The game lasted 00:08:04 (5827 turns).

Malachi the Magician (Mummy Cinder Acolyte)         Turns: 5827, Time: 00:08:05

Health: 0/64       AC:  9    Str: 18    XL:     8   Next: 38%
Magic:  1/17       EV: 11    Int: 21    God:    Ignis [......]
Gold:   195        SH:  0    Dex:  7    Spells: 17/19 levels left

rFire   + . .        e - +4 whip of the Imperium {freeze, *Rage Int+6}
rCold   + . .        (no shield)
rNeg    + + +        b - +0 robe
rPois   ∞            (no helmet)
rElec   .            (no cloak)
rCorr   .            (no gloves)
SInv    .            (no boots)
Will    +....        (no amulet)
Stlth   +            k - ring of protection from fire
HPRegen 0.30/turn    (no ring)
MPRegen 0.15/turn

%: faith
@: fiery-armoured
A: cold resistance 1, negative energy resistance 3, torment resistance 2, heat
vulnerability 1, in touch with death 1, no potions, faith
a: Renounce Religion


You were on level 5 of the Dungeon.
You worshipped Ignis.
Ignis was noncommittal.
You visited 1 branch of the dungeon, and saw 5 of its levels.

You collected 195 gold pieces.

Inventory:

Hand Weapons
 a - a +0 mace of flaming
 e - the +4 whip of the Imperium (weapon) {freeze, *Rage Int+6}
   (You found it on level 5 of the Dungeon)

   Int+6:     It affects your intelligence (+6).
   *Rage:     It berserks you when you make melee attacks (+20% chance).
 o - a +3 flail of protection
Missiles
 h - 2 throwing nets
Armour
 b - a +0 robe (worn)
Jewellery
 k - a ring of protection from fire (left hand)
Wands
 l - a wand of polymorph (6)
Scrolls
 c - 2 scrolls of blinking
 d - 2 scrolls of enchant armour
 f - a scroll of fog
 g - 8 scrolls of teleportation
 i - a scroll of noise
 m - a scroll of immolation
 n - 3 scrolls of identify


   Skills:
 + Level 5.9 Fighting
 + Level 4.9 Maces & Flails
 + Level 6.3 Spellcasting
 + Level 4.9 Fire Magic


You had 17 spell levels left.
You knew the following spells:

 Your Spells              Type           Power      Damage    Failure   Level
a - Scorch                Fire           54%        2d7       1%          2

Your spell library contained the following spells:

 Spells                   Type           Power      Damage    Failure   Level
 Poisonous Vapours        Pois/Air       12%        N/A       14%         2
 Call Canine Familiar     Summ           6%         N/A       28%         3
 Mephitic Cloud           Conj/Pois/Air  6%         N/A       28%         3
 Sigil of Binding         Hex            6%         N/A       28%         3
 Dimensional Bullseye     Hex/Tloc       3%         N/A       67%         4
 Leda's Liquefaction      Hex/Erth       3%         N/A       67%         4
 Petrify                  Tmut/Erth      6%         N/A       67%         4
 Freezing Cloud           Conj/Ice/Air   3%         6-21      95%         5
 Irradiate                Conj/Tmut      3%         3d12      95%         5
 Sublimation of Blood     Necr           Unusable   N/A       N/A         2

Dungeon Overview and Level Annotations

Branches:
Dungeon (5/15)
 Temple: D:4-7

Altars:
Ashenzari
Makhleb

Shops:
D:5 =


Innate Abilities, Weirdness & Mutations

You are immune to poison.
Your flesh is cold resistant. (rC+)
You are immune to negative energy. (rN+++)
You are immune to unholy pain and torment.
You are vulnerable to heat. (rF-)
You are in touch with the powers of death.
You do not drink.
You have a special connection with the divine. (Faith)


Message History

Press: ? - help, Dir - look around, f - activate Flames leap up around you!
You can no longer armour yourself in flame.
You can no longer call a swarm of foxfires against your foes.
The gnoll barely misses you.
The howler monkey hoots and howls with incredible vigour!
The gnoll barely misses you.
You hear a bark!
Your foxfire dissipates!
The foxfire hits the gnoll.
The gnoll is moderately wounded.
The foxfire hits the gnoll.
The gnoll is heavily wounded.
The foxfire hits the gnoll.
The gnoll is severely wounded.
The foxfire hits the gnoll.
You kill the gnoll!
The foxfire hits the gnoll.
The gnoll is heavily wounded.
A gnoll bouda comes into view. It is wielding a +0 whip.
The gnoll attacks as it pursues you! The gnoll completely misses you.
The gnoll hits you with a +0 spear.
* * * LOW HITPOINT WARNING * * *
The gnoll is burned by your cloak of flames.
The gnoll is severely wounded.
You hit the howler monkey but do no damage.
The gnoll bouda calls upon its god to heal the gnoll.
The gnoll is healed somewhat.
The howler monkey hits you.
* * * LOW HITPOINT WARNING * * *
The howler monkey is burned by your cloak of flames.
The howler monkey is lightly wounded.
Unknown command.
You can't drink.
Casting: Scorch (safe; 1% risk of failure)
Press: ? - help, Q - select action, (/) - cycle Dir - look around, f - activate Flames lash the howler monkey.
The howler monkey is heavily wounded.
The howler monkey's fire resistance burns away.
The gnoll hits you with a +0 spear.
You die...

###########
##..........
###..#########
#########...##
#.....##..###
# #........##
.. #..#..####
..# # ##@g##
..# ##h)## ..#
##))#..#
##.).# ##g##
.# .# .# .#


You could see a gnoll bouda, a howler monkey (combustible) and a gnoll (swift).

Vanquished Creatures
  Grinder (D:3)
  2 water moccasins
  A black bear (D:4)
  An ogre (D:3)
  A phantom (D:5)
  A bullfrog (D:4)
  A jelly (D:4)
  A hound (D:4)
  A gnoll bouda (D:5)
  2 orc priests (D:4)
  2 sleepcaps
  Ijyb (D:3)
  3 iguanas
  2 orc wizards
  10 gnolls
  4 adders
  A white imp (D:3)
  6 worms
  25 orcs
  8 ball pythons
  3 bats (D:3)
  6 endoplasms
  3 giant cockroaches
  6 goblins
  5 hobgoblins
  7 jackals
  3 quokkas
  2 frilled lizards
  5 kobolds
114 creatures vanquished.

Vanquished Creatures (others)
  64 foxfires
64 creatures vanquished.

Grand Total: 178 creatures vanquished

Notes
Turn   | Place    | Note
-------+----------+-------------------------------------------
     0 | D:1      | Malachi the Mummy Cinder Acolyte began the quest for the
                  | Orb.
     0 | D:1      | Reached XP level 1. HP: 18/18 MP: 2/2
   309 | D:1      | Reached XP level 2. HP: 18/24 MP: 4/4
   407 | D:1      | Reached skill level 2 in Spellcasting
   938 | D:1      | Learned a level 2 spell: Scorch
  1129 | D:2      | Reached XP level 3. HP: 25/29 MP: 6/6
  1181 | D:2      | Found a broken altar of Ashenzari.
  1525 | D:2      | Found a faded altar of an unknown god.
  1786 | D:1      | HP: 1/29 [jackal (3)]
  2238 | D:3      | Noticed Ijyb
  2255 | D:3      | Killed Ijyb
  2256 | D:3      | Reached XP level 4. HP: 29/36 MP: 6/8
  2295 | D:3      | Reached skill level 3 in Spellcasting
  2308 | D:3      | Noticed Grinder
  2316 | D:3      | Killed Grinder
  2317 | D:3      | Reached XP level 5. HP: 31/42 MP: 8/10
  2317 | D:3      | Reached XP level 6. HP: 36/48 MP: 8/11
  2450 | D:3      | Reached skill level 4 in Spellcasting
  3035 | D:3      | Found a burning altar of Makhleb.
  3337 | D:4      | Reached XP level 7. HP: 31/55 MP: 13/13
  3344 | D:4      | Reached skill level 5 in Fighting
  3512 | D:4      | Reached skill level 5 in Spellcasting
  3978 | D:4      | HP: 2/56 [kobold/+0 dagger (4)]
  4963 | D:4      | Reached XP level 8. HP: 52/63 MP: 16/16
  5146 | D:5      | Entered Level 5 of the Dungeon
  5559 | D:5      | Reached skill level 6 in Spellcasting
  5616 | D:5      | Found Xesovud's Jewellery Shop.
  5629 | D:5      | Identified the +4 whip of the Imperium {freeze, *Rage
                  | Int+6}
  5826 | D:5      | HP: 2/64 [howler monkey (4)]
  5827 | D:5      | Slain by a gnoll

Illustrated notes

Levels and vault maps discovered:
D:1:      amcnicky_arrival_wind_blow, layout_basic
D:2:      layout_rooms, basic_altar, shapermc_ecumenical_altar_pompeii
D:3:      layout_basic, lemuel_coloured_pillars_altar, minmay_cut_off,
          uniq_grinder, uniq_ijyb
D:4:      minmay_door_path, layout_loops_corners, minmay_misc_feat_plants,
          corexii_mini_fake_secret_closet
D:5:      layout_loops_ring, nzn_hepliaklqana_mist_gate, serial_shops,
          nicolae_shop_tiny_real_fake_doors, nicolae_shop_hallway_plus, shop,
          shop, shop, minmay_misc_feat_alley, minmay_parallelograms,
          minmay_holes, kennysheep_generic_room_2

Skill      XL: |  1  2  3  4  5  6  7  8 |
---------------+-------------------------+-----
Spellcasting   | 2 3 4 5 6 |  6.3
Maces & Flails | 3 4 |  4.9
Fire Magic     | 3 4 |  4.9
Fighting       | 4 5 |  5.9

Action                     |  1- 3 |  4- 6 |  7- 9 || total
---------------------------+-------+-------+-------++-------
  Melee: Mace              |   100 |    80 |    58 ||   238
         Punch             |     2 |     1 |       ||     3
         Flail             |       |       |    62 ||    62
         Whip              |       |       |     6 ||     6
   Cast: Scorch            |       |     6 |    54 ||    60
 Invoke: Foxfire Swarm     |     3 |     1 |     2 ||     6
         Fiery Armour      |     1 |     3 |     1 ||     5
         Rising Flame      |     1 |       |       ||     1
  Evoke: Wand              |       |       |     2 ||     2
    Use: Scroll            |     4 |     4 |     3 ||    11
   Stab: Sleeping          |       |       |     1 ||     1
 Armour: Robe              |    73 |    56 |   173 ||   302
  Dodge: Dodged            |    73 |    67 |   106 ||   246

Table legend: (Time is in decaauts)
 A = Elapsed time spent in this place.
 B = Non-inter-level travel time spent in this place.
 C = Inter-level travel time spent in this place.
 D = Time resting spent in this place.
 E = Time spent auto-exploring this place.
 F = Levels seen in this place.
 G = Mean time per level.
                   A        B        C        D        E       F      G
               +--------+--------+--------+--------+--------+-----+--------+
         Total |   5890 |   5773 |    117 |   1766 |   3160 |   5 | 1178.0 |
       Dungeon |   5890 |   5773 |    117 |   1766 |   3160 |   5 | 1178.0 |
               +--------+--------+--------+--------+--------+-----+--------+

Top non-repeatable levels by time:
     D:4: 1943 daAuts
     D:1: 1485 daAuts
     D:3: 1003 daAuts
     D:2: 769 daAuts
     D:5: 688 daAuts
